 Dungeon Crawl Stone Soup version 0.30-a0-313-gae38170b09 (webtiles) character file.

Game seed: 7750268367630244418

315 freelancePsychic the Trooper (level 6, -1/67 HPs)
             Began as an Ogre Wanderer on Oct 27, 2022.
             Slain by Edmund
             ... wielding a +1 flail of protection
              (8 damage)
             ... on level 4 of the Dungeon.
             The game lasted 00:06:07 (4340 turns).

freelancePsychic the Trooper (Ogre Wanderer)        Turns: 4340, Time: 00:06:07

Health: -1/67      AC:  5    Str: 14    XL:     6   Next: 44%
Magic:  4/9        EV: 10    Int: 16    God:
Gold:   211        SH:  0    Dex: 10    Spells: 8/9 levels left

rFire   . . .      SeeInvis .    a - +3 dagger
rCold   . . .      Faith    .    (no shield)
rNeg    . . .      Spirit   .    e - +0 robe
rPois   .          Reflect  .    (helmet restricted)
rElec   .          Harm     .    c - +1 cloak
rCorr   .          Rampage  .    (gloves unavailable)
Will    .....                    (boots unavailable)
Stlth   ++........               (no amulet)
HPRegen 0.31/turn                (no ring)
MPRegen 0.11/turn                (no ring)

@: about to teleport
A: large, unfitting armour, tough skin 1
a: no special abilities


You were on level 4 of the Dungeon.
You visited 1 branch of the dungeon, and saw 5 of its levels.
You also visited: Sewer.

You collected 211 gold pieces.

Inventory:

Hand Weapons
 a - a +3 dagger (weapon)
Armour
 c - a +1 cloak (worn)
 e - a +0 robe (worn)
Magical Staves
 n - a staff of conjuration
Jewellery
 i - a +4 ring of protection
Wands
 q - a wand of flame (24)
Scrolls
 l - 2 scrolls of enchant weapon
Potions
 b - 2 potions of haste {@q3}
 d - a potion of heal wounds {@q2}
 f - a potion of cancellation
 h - 2 potions of magic {unknown}
 j - a potion of flight
 k - 3 potions of attraction {unknown}
 m - a potion of lignification {unknown}
 o - a potion of curing {unknown}


   Skills:
 + Level 5.7 Fighting
 - Level 1.0 Throwing
 - Level 2.1 Dodging
 - Level 1.4 Stealth
 - Level 2.4 Spellcasting
 + Level 1.2 Conjurations
 + Level 3.6 Ice Magic
 - Level 1.0 Evocations


You had 8 spell levels left.
You knew the following spells:

 Your Spells              Type           Power      Damage    Failure   Level
a - Freeze                Ice            52%        1d6       4%          1

Your spell library contained the following spells:

 Spells                   Type           Power      Damage    Failure   Level
 Hailstorm                Conj/Ice       9%         3d4       22%         3


Dungeon Overview and Level Annotations

Branches:
Dungeon (5/15)              Sewer (visited)
 Temple: D:4-7

Altars:

Annotations:
D:4 Edmund


Innate Abilities, Weirdness & Mutations

You are too large for most types of armour.
You have tough skin. (AC +1)


Message History

Casting: Freeze (safe; 4% risk of failure)
Confirm with . or Enter, or press ? or * to list all spells.
Aiming: Freeze (safe; 4% risk of failure)
Press: ? - help, Shift-Dir - straight line, f/p - ogre
Aim: an ogre, wielding a +0 giant club (severely wounded)
You freeze the ogre.
The ogre is severely wounded.
The ogre barely misses you.
Casting: Freeze (safe; 4% risk of failure)
Confirm with . or Enter, or press ? or * to list all spells.
Aiming: Freeze (safe; 4% risk of failure)
Press: ? - help, Shift-Dir - straight line, f/p - ogre
Aim: an ogre, wielding a +0 giant club (severely wounded)
You freeze the ogre.
The ogre is almost dead.
The ogre closely misses you.
You hit the ogre.
The ogre is almost dead.
You barely miss the ogre.
The ogre is almost dead.
The ogre hits you with a +0 giant club!!
* * * LOW HITPOINT WARNING * * *
As you read the scroll of fear, it crumbles to dust.
You assume a fearsome visage.
The ogre looks frightened!
The ogre cries, "Oh dear!
Oh dear!"
Your magical contamination has completely faded away.
You see here 6 stones.
(D) Dungeon
Where to? (Enter - D:4, ? - help)
There is a stone staircase leading up here.
You climb upwards.
Level annotation: Edmund Edmund hits you with a +1 flail of protection.
* * * LOW HITPOINT WARNING * * *
There is a stone staircase leading down here.
Edmund is nearby!
As you read the scroll of teleportation {@r4}, it crumbles to dust.
You feel strangely unstable. Edmund barely misses you.
Edmund hits you with a +1 flail of protection!
You die...

****,,,,,,,,,,,,,,,,,#.#
*,,,,,,,,,,,,,,,,,#.#
#..,,,***********##.########
#..,,,* #.........# #.>,,,*
#..######.# #.#**** #..# *,* #.#
#..# *,*
#####.################..# *,*
...##...........@.......######.#
..............>@.......#.......#
.......[.......#########.#######
.†.###########.# #.# ...#
#.#########.# †..# #...........#
...# #.########### ...# #.# ...#
##'##########**


You could see Edmund.

Vanquished Creatures
  A scorpion (D:4)
  A hound (D:4)
  An orc priest (D:3)
  An orc wizard (D:2)
  A hell rat (Sewer)
  2 adders
  4 river rats (Sewer)
  3 worms
  A dart slug (D:2)
  9 orcs
  4 bats
  7 endoplasms
  9 goblins
  6 hobgoblins
  11 jackals
  4 kobolds
  2 quokkas (D:1)
  5 ball pythons
  A frilled lizard (D:1)
  9 rats
82 creatures vanquished.

Vanquished Creatures (others)
  A plant (D:4)
1 creature vanquished.

Grand Total: 83 creatures vanquished

Notes
Turn   | Place    | Note
-------+----------+-------------------------------------------
     0 | D:1      | freelancePsychic the Ogre Wanderer began the quest for the
                  | Orb.
     0 | D:1      | freelancePsychic set off with the following items: a +2
                  | dagger, a potion of haste {@q3}, a +0 cloak, a potion of
                  | heal wounds {@q2}, a +0 robe; and the following spell
                  | memorised: Freeze; and the following spells available to
                  | memorise: Hailstorm.
     0 | D:1      | Reached XP level 1. HP: 19/19 MP: 3/3
   108 | D:1      | Reached skill level 2 in Fighting
   166 | D:1      | Reached XP level 2. HP: 27/28 MP: 0/5
   295 | D:1      | Reached skill level 1 in Ice Magic
  1095 | D:2      | Found a faded altar of an unknown god.
  1097 | D:2      | Noticed a shining eye
  1099 | D:2      | Noticed an eye of devastation
  1099 | D:2      | Noticed a floating eye
  1099 | D:2      | Noticed a golden eye
  1276 | D:2      | Reached XP level 3. HP: 36/36 MP: 6/6
  1293 | D:2      | Reached skill level 3 in Fighting
  2104 | D:3      | Reached XP level 4. HP: 44/45 MP: 2/7
  2227 | D:3      | Reached skill level 4 in Fighting
  2314 | D:3      | Reached XP level 5. HP: 41/55 MP: 8/8
  2542 | D:3      | Found a glowing drain.
  2597 | Sewer    | Entered a sewer
  2784 | Sewer    | Reached skill level 5 in Fighting
  3684 | D:4      | Reached XP level 6. HP: 61/66 MP: 4/9
  3795 | D:4      | Reached skill level 1 in Conjurations
  4132 | D:4      | Noticed Edmund
  4160 | D:5      | Entered Level 5 of the Dungeon
  4305 | D:5      | HP: 2/67 [ogre/+0 giant club (30)]
  4340 | D:4      | Slain by Edmund

Illustrated notes

Levels and vault maps discovered:
D:1:      lemuel_arrival_muddy, layout_basic
D:2:      layout_basic, hellmonk_ecumenical_altar_watching_god,
          hangedman_decor_clover_reticule
D:3:      layout_basic, cheibrodos_sewer_entry_sluice
D:4:      layout_basic, sigmund_edmund_badplayer
D:5:      layout_loops_corners

Skill      XL: |  1  2  3  4  5  6 |
---------------+-------------------+-----
Fighting       | 2 3 4 5 |  5.7
Ice Magic      | 1 2 3 |  3.6
Conjurations   | 1 |  1.2
Throwing       | |  1.0
Dodging        | |  2.1
Stealth        | |  1.4
Spellcasting   | |  2.4
Evocations     | |  1.0

Action                   |  1- 3 |  4- 6 || total
-------------------------+-------+-------++-------
Melee: Dagger            |    68 |    99 ||   167
       Punch             |       |     2 ||     2
 Cast: Freeze            |    31 |    65 ||    96
  Use: Scroll            |     6 |     8 ||    14
 Stab: Sleeping          |     8 |     1 ||     9
Armor: Robe              |    30 |    38 ||    68
Dodge: Dodged            |    43 |    73 ||   116

Table legend: (Time is in decaauts)
 A = Elapsed time spent in this place.
 B = Non-inter-level travel time spent in this place.
 C = Inter-level travel time spent in this place.
 D = Time resting spent in this place.
 E = Time spent auto-exploring this place.
 F = Levels seen in this place.
 G = Mean time per level.
                   A        B        C        D        E       F      G
               +--------+--------+--------+--------+--------+-----+--------+
         Total |   4357 |   4211 |    146 |    166 |   3192 |   6 |  726.2 |
       Dungeon |   4022 |   3876 |    146 |    166 |   2935 |   5 |  804.4 |
         Sewer |    334 |    334 |      0 |      0 |    256 |   1 |  334.0 |
               +--------+--------+--------+--------+--------+-----+--------+

Top non-repeatable levels by time:
     D:1: 1099 daAuts
     D:3: 1081 daAuts
     D:2: 1060 daAuts
     D:4: 604 daAuts
   Sewer: 334 daAuts
     D:5: 176 daAuts
